 Dungeon Crawl Stone Soup version 0.30.0-5-g1a98f26d00 (webtiles) character file.

Game seed: 3444849713735957623

24313 ebarrett the Summoner (level 12, -21/78 HPs)
             Began as a Vampire Hedge Wizard on May 9, 2023.
             Was a High Priest of Ru.
             Killed by an exploding mana viper (25 damage)
             ... ignited by their inner flame
             ... on level 5 of the Lair of Beasts.
             The game lasted 01:51:12 (21280 turns).

ebarrett the Summoner (Vampire Hedge Wizard)       Turns: 21280, Time: 01:51:12

Health: -21/78     AC: 11    Str:  9    XL:     12   Next: 79%
Magic:  18/26      EV: 13    Int: 27    God:    Ru [*****.]
Gold:   728        SH:  0    Dex: 16    Spells: 6/32 levels left

rFire   . . .        a - +0 long sword (spect)
rCold   . . .        (shield unavailable)
rNeg    . . .        Q - +2 robe {Will+}
rPois   .            W - +2 helmet of Mullu {Dex+2}
rElec   .            (no cloak)
rCorr   .            l - +2 pair of gloves {Stlth+}
SInv    +            y - +0 pair of boots
Will    +....        c - amulet of the acrobat
Stlth   +++          (ring unavailable)
HPRegen 0.53/turn    i - +6 ring of intelligence
MPRegen 0.20/turn

%: acrobat
@: weak-willed, healing quickly
A: alive, fangs 3, see invisible, missing a hand, inability to train armour,
missing an eye, vampiric 2
a: Exsanguinate, Renounce Religion, Draw Out Power, Power Leap, Apocalypse


You were on level 5 of the Lair of Beasts.
You worshipped Ru.
Ru was extremely pleased with you.
You visited 3 branches of the dungeon, and saw 16 of its levels.
You also visited: Sewer.

You collected 865 gold pieces.
You spent 137 gold pieces at shops.

Inventory:

Hand Weapons
 a - a +0 spectral long sword (weapon)
 w - a +5 scimitar of flaming
Missiles
 g - 31 poisoned darts
 k - a curare-tipped dart (quivered)
 x - a throwing net
Armour
 l - a +2 pair of gloves of stealth (worn)
 y - a +0 pair of boots (worn)
 Q - a +2 robe of willpower (worn)
 W - the +2 helmet of Mullu (worn) {Dex+2}
   (You found it on level 2 of the Lair of Beasts)

   Dex:       It affects your dexterity (+2).
Magical Staves
 b - a staff of conjuration
 K - a staff of fire
 R - a staff of poison
Jewellery
 c - an amulet of the acrobat (around neck)
 i - a +6 ring of intelligence (right hand)
 m - a ring of positive energy
 t - a ring of willpower
 F - a ring of magical power
 U - a ring of willpower
Wands
 n - a wand of paralysis (5)
 s - a wand of polymorph (7)
 C - a wand of flame (9)
 H - a wand of light (5)
 I - a wand of iceblast (9)
Scrolls
 f - 3 scrolls of blinking
 h - 5 scrolls of teleportation
 v - 4 scrolls of brand weapon
 B - 2 scrolls of fog
 D - 2 scrolls of fear
 O - a scroll of vulnerability
Potions
 d - a potion of magic
 e - 2 potions of heal wounds
 j - 5 potions of mutation
 o - 3 potions of might
 p - 3 potions of lignification
 q - 2 potions of ambrosia
 r - 3 potions of attraction
 u - 2 potions of cancellation
 z - 4 potions of brilliance
 A - 2 potions of resistance
 J - a potion of haste
 L - 3 potions of flight
 N - a potion of invisibility
 P - 2 potions of curing
Miscellaneous
 G - a phial of floods


   Skills:
 - Level 2.0 Fighting
 - Level 3.6 Long Blades
 - Level 3.4 Dodging
 - Level 3.5 Stealth
 + Level 10.8 Spellcasting
 - Level 4.3 Conjurations
 - Level 9.9 Hexes
 - Level 11.8 Summonings
 - Level 3.6 Translocations
 + Level 5.2 Ice Magic
 + Level 5.9 Air Magic
 - Level 4.0 Poison Magic


You had 6 spell levels left.
You knew the following spells:

 Your Spells              Type           Power      Damage    Failure   Level
a - Freezing Cloud        Conj/Ice/Air   21%        6-21      13%         5
b - Blink                 Tloc           68%        N/A       1%          2
c - Call Imp              Summ           100%       N/A       1%          2
s - Slow                  Hex            100%       N/A       1%          1
w - Poisonous Vapours     Pois/Air       82%        N/A       1%          2
x - Mephitic Cloud        Conj/Pois/Air  40%        N/A       1%          3
I - Summon Ice Beast      Ice/Summ       57%        N/A       1%          4
K - Cigotuvi's Dreadful   Necr/Pois/Air  64%        N/A       1%          2
S - Summon Mana Viper     Hex/Summ       65%        N/A       1%          5

Your spell library contained the following spells:

 Spells                   Type           Power      Damage    Failure   Level
 Magic Dart               Conj           100%       1d8       1%          1
 Hailstorm                Conj/Ice       40%        3d10      1%          3
 Silence                  Hex/Air        27%        N/A       4%          5
 Sublimation of Blood     Necr           14%        N/A       6%          2
 Wereblood                Tmut           14%        N/A       6%          2
 Manifold Assault         Tloc           34%        N/A       9%          4
 Passage of Golubria      Tloc           34%        N/A       9%          4
 Ice Form                 Ice/Tmut       28%        N/A       13%         4
 Simulacrum               Ice/Necr       14%        N/A       90%         6
 Monstrous Menagerie      Summ           34%        N/A       26%         7
 Summon Hydra             Summ           34%        N/A       26%         7
 Storm Form               Tmut/Air       15%        N/A       100%        7
 Lehudib's Crystal Spear  Conj/Erth      13%        10d4      100%        8
 Chain Lightning          Conj/Air       21%        3d28      100%        9
 Fire Storm               Conj/Fire      13%        8d3       100%        9
 Shatter                  Erth           7%         3d9*      100%        9


Dungeon Overview and Level Annotations

Branches:
Dungeon (10/15)            Temple (1/1) D:7            Lair (5/5) D:8
  Swamp (0/4) Lair:3        Snake (0/4) Lair:3        Slime (0/5) Lair:5
  Sewer (visited)
    Orc: D:9-12

Altars:
Ashenzari
Cheibriados
Dithmenos
Fedhas
Gozag
Hepliaklqana
Kikubaaqudgha
Makhleb
Nemelex Xobeh
Okawaru
Qazlal
Ru
Sif Muna
Trog
Uskayaw
Vehumet
Wu Jian
Xom
Yredelemnul

Shops:
D:4 =   D:6 *   D:8 (![   D:10 :

Annotations:
D:4 2 transporters, 1 runed translucent door, exclusions: ball python, howler monkey and ogre, Crazy Yiuf; NinjaNoafa's ghost, amateur KoAE
D:6 exclusions: 2 lemures and 2 more exclusions, Pikel
D:7 exclusions: 2 orcs and orc priest
D:9 exclusions: shadow, statue, wight and 2 more exclusions
D:10 1 runed translucent door, Darkkill's ghost, journeyman MiHu
Lair:2 exclusion: 3 death yaks
Lair:4 2 transporters, exclusion: downstairs, elongatedgoose's ghost, journeyman SpBr


Innate Abilities, Weirdness & Mutations

Your natural rate of healing is accelerated.
You have razor-sharp teeth.
You have supernaturally acute eyesight. (SInv)
You are missing a hand.
You cannot train Armour skill.
You are missing an eye, making it more difficult to aim.
You are afflicted with vampirism and can become a bat while bloodless.


Message History

It is a scroll of enchant armour.
Your +0 pair of gloves of stealth glows green for a moment.
As you read the scroll of enchant armour, it crumbles to dust.
Your +1 pair of gloves of stealth glows green for a moment.
As you read the scroll labelled PYADWYFEIS, it crumbles to dust.
You feel aware of your surroundings.
It was a scroll of magic mapping.
As you read the scroll labelled QONNUT YLAERR, it crumbles to dust.
Magic quickly surges around you.
It was a scroll of vulnerability.
As you read the scroll labelled KET SASTRABAROPT, it crumbles to dust.
It is a scroll of enchant weapon.
Your +4 scimitar of flaming glows red for a moment.
As you read the scroll labelled TIBLAG OKLY, it crumbles to dust.
The creatures around you are filled with an inner flame!
It was a scroll of immolation.
As you read the scroll labelled BIOGA RECREHOE, it crumbles to dust.
Your body is wracked with pain!
Your ice beast convulses!
Flame seeps out of your ice beast.
Your mana viper convulses!
Flame seeps out of your mana viper.
It was a scroll of torment.
Your ice beast is engulfed in blazing flames.
Flame seeps out of your ice beast.
Your mana viper is engulfed in blazing flames.
Flame seeps out of your mana viper.
Your mana viper is engulfed in blazing flames.
Flame seeps out of your mana viper.
Your ice beast is engulfed in blazing flames.
Your ice beast disappears in a puff of smoke!
Your ice beast explodes!
The fiery explosion engulfs you!
The fiery explosion engulfs your mana viper!!
Your mana viper disappears in a puff of smoke!
The fiery explosion engulfs your cerulean imp!!!
Your cerulean imp disappears in a puff of smoke!
Your cerulean imp explodes!
The fiery explosion engulfs you!!
* * * LOW HITPOINT WARNING * * *
Your mana viper explodes!
The fiery explosion engulfs you!!
You die...

,,,,**,,,,,*,,,,,,,,*,,,,,**
,,,,,,,*,.#.,,..........,,*
,,,,,,,,,...,,,.........,,*
,*,*,,*,,.#..,,.........,,**
,,*,,,***#....,.........,,,*
,**,,,,,*#....##........,,,*
,,,~~~,,,.#...§.§.......,*,*
,,,~~~,,,.....§○§.......,***
,,,,~~,,,*#...§○@...P...,****
,,,,~,**,*#...§§§.......,,,,*
**,,,,,*,#..#.§.§.......,,,**
**,,,,,,.,..#....#.....,,**
*,,,,,,,...*..P........,,*
**,,,,,,..,............,,**
**,,,**,,#,.........,...,,,*
,*,,,**,,,P........#....,,,*
,,,,,**,,,,,,,,,,,,,,,~~~,,*


There were no monsters in sight!

Vanquished Creatures
  Erica (D:10)
  2 two-headed ogres
  An oklob plant (Lair:1)
  A troll (D:9)
  2 blink frogs (Lair:1)
  A hornet (D:6)
  A vampire (D:10)
  3 yaks
  A wyvern (Lair:1)
  2 steam dragons (D:9)
  A vampire mosquito (D:10)
  An acid dragon (D:10)
  3 water moccasins
  3 orc warriors
  A black bear (D:6)
  4 centaurs
  7 wolves
  An ogre (D:5)
  3 kobold brigands
  A phantom (D:5)
  4 bullfrogs
  2 scorpions
  9 killer bees
  10 electric eels (D:8)
  A jelly (D:6)
  A gnoll bouda (D:6)
  4 hounds
  4 orc priests
  An iguana (D:6)
  7 orc wizards
  3 gnolls (D:7)
  7 adders
  4 shadow imps
  3 white imps
  4 dart slugs
  14 orcs
  2 ball pythons (D:3)
  5 endoplasms
  2 giant cockroaches
  4 hobgoblins
  2 jackals (D:1)
  2 quokkas
  2 frilled lizards
  3 goblins
  14 kobolds
  8 rats
162 creatures vanquished.

Vanquished Creatures (collateral kills)
  2 bog bodies (Lair:3)
  8 black mambas
  3 cane toads
  3 rime drakes
  4 komodo dragons
  A troll (D:8)
  A polar bear (Lair:3)
  9 blink frogs
  7 dream sheep (Lair:4)
  A wraith (D:9)
  2 wyverns
  17 yaks
  A steam dragon (Lair:4)
  A vampire mosquito (D:10)
  6 nagas (Lair:3)
  9 water moccasins
  An ogre (D:4)
  14 wolves
  A centaur (D:6)
  A kobold brigand (D:9)
  4 bullfrogs
  A scorpion (D:5)
  A killer bee (D:9)
  A nameless horror (Lair:4)
  A hound (D:8)
  A jelly (D:5)
  A sleepcap (D:7)
  An iguana (D:6)
  An orc wizard (D:9)
  A gnoll (D:7)
  4 adders
  A river rat (Sewer)
  An ufetubus (D:5)
  3 worms
  A dart slug (D:2)
  10 orcs
  7 endoplasms
  5 giant cockroaches
  4 goblins
  3 hobgoblins
  4 jackals (D:1)
  9 kobolds
  2 ball pythons
  A bat (D:2)
  A frilled lizard (D:3)
  2 rats (D:2)
163 creatures vanquished.

Vanquished Creatures (others)
  A wolf (Lair:1)
  Ijyb (D:5)
2 creatures vanquished.

Grand Total: 327 creatures vanquished

Notes
Turn   | Place    | Note
-------+----------+-------------------------------------------
     0 | D:1      | ebarrett the Vampire Hedge Wizard began the quest for the
                  | Orb.
     0 | D:1      | Reached XP level 1. HP: 13/13 MP: 4/4
     2 | D:1      | Learned a level 1 spell: Slow
   198 | D:1      | Reached XP level 2. HP: 19/19 MP: 4/6
   201 | D:1      | Learned a level 2 spell: Call Imp
   263 | D:1      | Learned a level 2 spell: Blink
   569 | D:1      | Found a faded altar of an unknown god.
   745 | D:1      | Reached skill level 2 in Summonings
   834 | D:1      | Gained mutation: You are afflicted with vampirism and can
                  | become a bat while bloodless. [Vampire growth]
   834 | D:1      | Reached XP level 3. HP: 24/24 MP: 8/8
  1469 | D:2      | Reached XP level 4. HP: 28/30 MP: 4/9
  2057 | D:3      | Reached skill level 3 in Summonings
  2607 | D:3      | Found a burning altar of Makhleb.
  3001 | D:4      | Reached XP level 5. HP: 28/35 MP: 8/11
  3022 | D:4      | Found a transporter.
  3030 | D:4      | Noticed NinjaNoafa's ghost (amateur KoAE)
  3043 | D:4      | Found a transporter.
  3103 | D:4      | Noticed an ogre
  3342 | D:4      | Found a runed translucent door.
  3343 | D:4      | Noticed Crazy Yiuf
  3418 | D:4      | Noticed an ogre
  3519 | D:5      | Entered Level 5 of the Dungeon
  3622 | D:5      | Noticed an ogre
  3645 | D:5      | Found a shimmering altar of Xom.
  3648 | D:5      | Noticed a phantom
  3679 | D:5      | Killed an ogre
  3680 | D:5      | Reached skill level 4 in Summonings
  3762 | D:5      | Killed a phantom
  3763 | D:5      | Reached XP level 6. HP: 38/41 MP: 7/13
  3770 | D:5      | Found a glowing drain.
  3856 | Sewer    | Entered a sewer
  3897 | Sewer    | Reached skill level 5 in Summonings
  3948 | Sewer    | Reached skill level 5 in Spellcasting
  4447 | D:5      | Reached XP level 7. HP: 46/46 MP: 15/15
  4554 | D:5      | Noticed Ijyb
  4677 | D:4      | Found Zaddett's One-of-a-Kind Rings.
  5249 | D:5      | Reached skill level 6 in Summonings
  6012 | D:6      | Found Ywuytzosk's Assorted Antiques.
  6020 | D:6      | Bought a scroll labelled FIMAN ROELECW for 21 gold pieces
  6020 | D:6      | Bought a scroll labelled QOW BOASIU for 21 gold pieces
  6020 | D:6      | Bought a fuming cyan potion for 18 gold pieces
  6020 | D:6      | Bought a scroll labelled POVAVV HUCKI for 21 gold pieces
  6065 | D:6      | Noticed a hornet
  6495 | D:6      | Reached skill level 1 in Translocations
  6495 | D:6      | Reached XP level 8. HP: 35/53 MP: 16/16
  6736 | D:6      | Killed a hornet
  7065 | D:6      | Noticed Pikel
  7206 | D:7      | Reached skill level 1 in Fighting
  7206 | D:7      | Reached skill level 7 in Summonings
  7207 | D:7      | Found a staircase to the Ecumenical Temple.
  7270 | Temple   | Entered the Ecumenical Temple
  7314 | Temple   | Became a worshipper of Ru the Awakened
  7737 | D:6      | Learned a level 3 spell: Mephitic Cloud
  7774 | D:7      | Reached skill level 1 in Conjurations
  7774 | D:7      | Reached skill level 1 in Air Magic
  7941 | D:7      | Reached skill level 1 in Poison Magic
  8049 | D:7      | Reached XP level 9. HP: 61/61 MP: 14/17
  8380 | D:8      | Found Ysiussez's Antique Armour Boutique.
  8475 | D:8      | Noticed a troll
  8492 | D:8      | Found Reudeb's Distillery.
  8503 | D:8      | Bought a potion of curing for 42 gold pieces
  8503 | D:8      | Bought a potion of degeneration for 14 gold pieces
  9102 | D:8      | Learned a level 2 spell: Poisonous Vapours
  9283 | D:9      | Gained mutation: You cannot train Armour skill. [Ru
                  | sacrifice]
  9283 | D:9      | Reached * piety under Ru
  9349 | D:9      | Found a radiant altar of Vehumet.
  9354 | D:9      | Noticed a troll
 10299 | D:9      | Reached skill level 8 in Summonings
 10925 | D:8      | Reached XP level 10. HP: 67/67 MP: 13/20
 11419 | D:8      | Found a staircase to the Lair.
 11652 | D:8      | Learned a level 2 spell: Cigotuvi's Dreadful Rot
 11695 | D:8      | Found Cutosex's Weapon Shoppe.
 11879 | D:8      | Noticed a two-headed ogre
 11893 | D:8      | Killed a two-headed ogre
 12244 | D:9      | Reached skill level 9 in Summonings
 12315 | D:10     | Entered Level 10 of the Dungeon
 12325 | D:10     | Found a runed translucent door.
 12330 | D:10     | Noticed Darkkill's ghost (journeyman MiHu)
 12399 | D:9      | Learned a level 5 spell: Freezing Cloud
 12536 | D:10     | Reached skill level 1 in Ice Magic
 12691 | D:10     | Noticed Erica
 12714 | D:10     | Killed Erica
 12762 | D:10     | Found Epnikox's Vocational Training.
 12982 | D:10     | Noticed a two-headed ogre
 13026 | D:10     | Killed a two-headed ogre
 13632 | D:5      | Killed Ijyb
 13671 | D:5      | Gained mutation: You are missing a hand. [Ru sacrifice]
 13671 | D:5      | Reached ** piety under Ru
 13671 | D:5      | Reached *** piety under Ru
 14162 | D:10     | Learned a level 3 spell: Hailstorm
 14221 | Lair:1   | Entered Level 1 of the Lair of Beasts
 14271 | Lair:1   | Reached XP level 11. HP: 72/72 MP: 15/23
 14402 | Lair:1   | Noticed an oklob plant
 14513 | Lair:1   | Killed an oklob plant
 14538 | Lair:1   | Learned a level 4 spell: Summon Ice Beast
 14540 | Lair:1   | Identified the +0 pair of gloves of Jawia {Stlth+}
 14570 | Lair:1   | Found an opulent altar of Gozag.
 14756 | Lair:1   | Reached skill level 5 in Hexes
 15790 | Lair:1   | Learned a level 5 spell: Summon Mana Viper
 15925 | Lair:2   | Identified the +2 helmet of Mullu {Dex+2}
 15957 | Lair:2   | Found a shadowy altar of Dithmenos.
 16481 | Lair:2   | Noticed a death yak
 16787 | Lair:2   | Reached skill level 10 in Summonings
 17375 | Lair:2   | Noticed a death yak
 17375 | Lair:2   | Noticed a death yak
 17691 | Lair:3   | Reached skill level 11 in Summonings
 17924 | Lair:3   | Reached XP level 12. HP: 78/78 MP: 14/24
 18289 | Lair:3   | Reached skill level 5 in Air Magic
 18487 | Lair:3   | Gained mutation: You are missing an eye, making it more
                  | difficult to aim. [Ru sacrifice]
 18487 | Lair:3   | Reached **** piety under Ru
 18487 | Lair:3   | Reached ***** piety under Ru
 19422 | Lair:3   | Found a staircase to the Swamp.
 19811 | Lair:3   | Found a staircase to the Snake Pit.
 20032 | Lair:4   | Found a transporter.
 20078 | Lair:4   | Reached skill level 10 in Spellcasting
 20163 | Lair:4   | Found a transporter.
 20167 | Lair:4   | Noticed a death yak
 20568 | Lair:4   | Reached skill level 5 in Ice Magic
 21185 | Lair:4   | Noticed elongatedgoose's ghost (journeyman SpBr)
 21227 | Lair:5   | Entered Level 5 of the Lair of Beasts
 21227 | Lair:5   | Noticed a seven-headed hydra
 21280 | Lair:5   | Killed by an exploding mana viper... ignited by their inner
                  | flame

Illustrated notes

Levels and vault maps discovered:
D:1:      lightli_arrival_noodles, layout_basic, basic_ecumenical_altar,
          grunt_decor_cap
D:2:      layout_rooms, serial_bayou, serial_bayou_pond_c, serial_bayou_ford_a,
          serial_bayou_shore_a, serial_bayou_pond_a, serial_bayou_lagoon_b
D:3:      layout_loops_ring, makhleb_altar_promises_db, nicolae_titane
D:4:      layout_loops_ring, gammafunk_ghost_arena, nicolae_shop_unique_rings,
          uniq_crazy_yiuf_cottage
D:5:      layout_basic, mainiacjoe_overflow_concentric_impassable,
          gup_sewer_entry_glass, roderic_serpentine_path, uniq_ijyb
D:6:      layout_basic, serial_shops, shop, amcnicky_mini_pool_medium,
          uniq_pikel
D:7:      layout_loops_ring, minmay_temple_entry_antechambers
D:8:      layout_basic, erik_lair_island, serial_shops, nicolae_stop_n_shop_2,
          nicolae_shop_bloodbath_and_beyond, nicolae_shop_window_shopping,
          chequers_serial_rivers_micro_a, chequers_big_river,
          chequers_serial_rivers_micro_b
D:9:      layout_basic, vehumet_statue, serial_rivers,
          chequers_serial_rivers_micro_c, chequers_serial_rivers_large_b,
          chequers_serial_rivers_room_b, chequers_serial_rivers_room_a,
          minmay_misc_feat_columns, grunt_ministairs_10, minmay_between
D:10:     layout_loops_corners, hellmonk_ghost_big_iron,
          nicolae_shop_vocational, uniq_erica
Temple:   hellmonk_temple_of_storms
Lair:1:   layout_regular_city, basic_altar, wad_woods_road_01,
          minmay_lair_oklob_items, grunt_forest_stairs_basic
Lair:2:   layout_chaotic_city, basic_altar, serial_bayou_shore_b,
          lemuel_fruit_tree
Lair:3:   layout_loops_ring, skrybe_swamp_entry_bodies,
          minmay_snake_entry_guardpost_large, cheibrodos_lair_reptile_den
Lair:4:   layout_regular_city, gammafunk_ghost_berserking_beasts
Lair:5:   wormcave, layout_gridlike, hangedman_lair_caniforms_friends,
          slime_entry_1, st_stairs_10, ldierk_geyser

Skill      XL: |  1  2  3  4  5  6  7  8  9 10 11 12 |
---------------+-------------------------------------+-----
Summonings     | 2 3 4 5 6 7 8 9 11 | 11.8
Spellcasting   | 4 5 6 8 10 | 10.8
Translocations | 1 3 |  3.6
Fighting       | 2 |  2.0
Dodging        | 3 |  3.4
Conjurations   | 1 3 4 |  4.3
Air Magic      | 1 4 5 |  5.9
Poison Magic   | 1 4 |  4.0
Long Blades    | 3 |  3.6
Ice Magic      | 4 5 |  5.2
Hexes          | 9 |  9.9
Stealth        | |  3.5

Action                     |  1- 3 |  4- 6 |  7- 9 | 10-12 || total
---------------------------+-------+-------+-------+-------++-------
  Melee: Dagger            |   107 |     3 |    42 |       ||   152
         Bite              |    11 |    10 |    21 |    14 ||    56
         Punch             |     1 |       |     2 |       ||     3
         Long sword        |       |    93 |   126 |   112 ||   331
         Spear             |       |    22 |       |       ||    22
         Trident           |       |    23 |       |       ||    23
  Throw: Dart              |       |     3 |    11 |     3 ||    17
   Cast: Magic Dart        |     4 |     1 |       |       ||     5
         Slow              |     7 |    14 |     8 |     2 ||    31
         Call Imp          |    17 |    31 |    69 |    56 ||   173
         Blink             |       |     1 |     4 |     3 ||     8
         Poisonous Vapours |       |       |    38 |   113 ||   151
         Summon Ice Beast  |       |       |       |    54 ||    54
         Summon Mana Viper |       |       |       |    54 ||    54
         Freezing Cloud    |       |       |       |     1 ||     1
 Invoke: Sacrifice Durabil |       |       |     1 |       ||     1
         Sacrifice a Hand  |       |       |       |     1 ||     1
         Sacrifice an Eye  |       |       |       |     1 ||     1
  Evoke: Wand              |       |       |     5 |    35 ||    40
    Use: Scroll            |       |     6 |    10 |    12 ||    28
         Potion            |       |       |     7 |     2 ||     9
   Stab: Sleeping          |     6 |     4 |     2 |       ||    12
         Distracted        |       |     3 |     3 |     2 ||     8
         Invisible         |       |       |       |     1 ||     1
 Armour: Robe              |    23 |    45 |    45 |    13 ||   126
         Steam dragon scal |       |       |    25 |    18 ||    43
  Dodge: Dodged            |    72 |   108 |   169 |    81 ||   430
